 Dungeon Crawl Stone Soup version 0.30.1-9-gdf580d7c3d (webtiles) character file.

Game seed: 5981865280436462322

992 KittyFluff the Covered (level 8, -1/49 HPs)
             Began as a Gargoyle Berserker on Oct 20, 2023.
             Was a Priest of Trog.
             Slain by an ufetubus (2 damage)
             ... summoned by Eustachio
             ... on level 6 of the Dungeon.
             The game lasted 00:18:38 (4997 turns).

KittyFluff the Covered (Gargoyle Berserker)         Turns: 4997, Time: 00:18:38

Health: -1/49      AC: 13    Str: 23      XL:     8   Next: 18%
Magic:  8/8        EV: 12    Int:  8      God:    Trog [***...]
Gold:   348        SH:  0    Dex:  8 (9)  Spells: 7/7 levels left

rFire   . . .        a - +0 mace
rCold   . . .        (no shield)
rNeg    + . .        q - +0 leather armour
rPois   ∞            m - +1 helmet
rElec   +            (no cloak)
rCorr   .            (no gloves)
SInv    .            r - +0 pair of boots
Will    .....        (no amulet)
Stlth   +            f - ring of flight
HPRegen 0.28/turn    (no ring)
MPRegen 0.11/turn

%: no passive effects
@: on berserk cooldown, flying, slowed, very slow
A: sickness immunity, AC +5, negative energy resistance 1, electricity
resistance, torment resistance 1, petrification resistance
a: Renounce Religion, Berserk, Trog's Hand


You were on level 6 of the Dungeon.
You worshipped Trog.
Trog was most pleased with you.
You visited 1 branch of the dungeon, and saw 6 of its levels.

You collected 348 gold pieces.

Inventory:

Hand Weapons
 a - a +0 mace (weapon)
 u - a +0 sling
Missiles
 c - 2 poisoned darts (quivered)
 C - 2 boomerangs
Armour
 m - a +1 helmet (worn)
 q - a +0 leather armour (worn)
 r - a +0 pair of boots (worn)
Jewellery
 f - a ring of flight (left hand)
Wands
 A - a wand of roots (12)
 B - a wand of flame (11)
Scrolls
 d - 3 scrolls of fear {unknown}
 e - 2 scrolls of magic mapping {unknown}
 g - 4 scrolls of enchant armour
 h - a scroll of immolation {unknown}
 j - 2 scrolls of amnesia {unknown}
 l - a scroll of blinking {unknown}
 n - a scroll of torment {unknown}
 s - 2 scrolls of poison {unknown}
 v - a scroll of noise {unknown}
 x - a scroll of teleportation {unknown}
Potions
 b - a potion of invisibility
 i - a potion of attraction
 k - 2 potions of heal wounds
 o - 5 potions of flight {unknown}
 p - 2 potions of brilliance {unknown}
 t - 6 potions of curing {unknown}
 w - a potion of lignification {unknown}
 z - 3 potions of mutation {unknown}


   Skills:
 + Level 5.2 Fighting
 * Level 6.1 Maces & Flails
 * Level 6.2 Armour
 + Level 3.3 Dodging


You had 7 spell levels left.
You didn't know any spells.
Your spell library was empty.

Dungeon Overview and Level Annotations

Branches:
Dungeon (6/15)
 Temple: D:4-7

Altars:
Elyvilon
Fedhas
Gozag
Zin
The Shining One

Shops:
D:2 (   D:4 :   D:6 [

Annotations:
D:6 Eustachio


Innate Abilities, Weirdness & Mutations

You are immune to sickness and miasma.
Your stone body is resilient. (AC +5)
You are immune to poison.
You resist negative energy. (rN+)
You are resistant to electric shocks. (rElec)
You are resistant to unholy torment.
You are immune to petrification.


Message History

The bat attacks as you move away! The bat hits you but does no damage.
The shadow imp attacks as you move away!
The shadow imp barely misses you. The bat closely misses you.
The bat hits you but does no damage.
Eustachio mumbles some strange words.
The bat hits you but does no damage. x2; The bat barely misses you.
The bat hits you but does no damage.
Eustachio gestures wildly while chanting.
The bat closely misses you. The rat bites you but does no damage.
Eustachio misses you.
You barely miss Eustachio.
Eustachio is severely wounded.
The bat hits you but does no damage. x2; The ufetubus completely misses you.
The ufetubus closely misses you. The rat barely misses you.
Eustachio closely misses you.
The shadow imp hits you but does no damage.
The ufetubus misses you. The ufetubus closely misses you.
The bat hits you but does no damage. The rat completely misses you.
Eustachio hits you but does no damage.
You closely miss Eustachio.
Eustachio is severely wounded.
The shadow imp disappears in a puff of smoke!
The bat barely misses you. x3; The ufetubus hits you.
* * * LOW HITPOINT WARNING * * *
The ufetubus hits you but does no damage.
The bat barely misses you. The ufetubus hits you.
* * * LOW HITPOINT WARNING * * *
The ufetubus hits you but does no damage.
The rat closely misses you. Eustachio misses you. The bat barely misses you.
The ufetubus misses you.
The ufetubus hits you but does no damage.
You barely miss Eustachio.
Eustachio is severely wounded.
The bat completely misses you. The bat misses you.
The rat bites you but does no damage.
The ufetubus hits you but does no damage.
The ufetubus barely misses you. Eustachio closely misses you.
The ufetubus hits you but does no damage.
The ufetubus hits you.
You die...

#.# #.# ####
#.# #.# ..#
#.# #.# #.#
#.# #.#
#.####.####.#
#......†....#
####.########
#.b5# #§r@#
#br@# ....5..
..P..P..♣♣
.........
#####...#
..... ......


You could see Eustachio, a river rat (summoned), 2 ufetubi, 2 bats and a rat
(summoned).

Vanquished Creatures
  Sigmund (D:2)
  An ice beast (D:5)
  A phantom (D:5)
  2 scorpions
  A jelly (D:5)
  A sleepcap (D:4)
  2 orc priests (D:4)
  An iguana (D:3)
  Natasha (twice) (D:4)
  6 orc wizards (D:5)
  Robin (D:2)
  3 gnolls (D:5)
  3 adders
  A white imp (D:5)
  2 worms
  A dart slug (D:4)
  23 orcs
  9 ball pythons
  3 bats (D:1)
  12 endoplasms
  2 giant cockroaches
  12 goblins
  10 hobgoblins
  8 jackals
  11 kobolds
  4 quokkas
  2 frilled lizards
  4 rats
129 creatures vanquished.

Vanquished Creatures (others)
  An orc wizard (D:5)
1 creature vanquished.

Grand Total: 130 creatures vanquished

Notes
Turn   | Place    | Note
-------+----------+-------------------------------------------
     0 | D:1      | KittyFluff the Gargoyle Berserker began the quest for the
                  | Orb.
     0 | D:1      | Reached XP level 1. HP: 14/14 MP: 1/1
   153 | D:1      | Reached XP level 2. HP: 5/19 MP: 2/2
   733 | D:1      | Reached XP level 3. HP: 23/23 MP: 3/3
   940 | D:2      | Reached ** piety under Trog
  1063 | D:2      | Noticed Sigmund
  1074 | D:2      | Killed Sigmund
  1075 | D:2      | Reached XP level 4. HP: 29/29 MP: 4/4
  1075 | D:2      | Reached XP level 5. HP: 33/33 MP: 5/5
  1126 | D:2      | Noticed Robin
  1159 | D:2      | Reached XP level 6. HP: 34/38 MP: 6/6
  1190 | D:2      | Killed Robin
  1478 | D:2      | Found Hotte's Antique Weapon Emporium.
  1682 | D:3      | Found an opulent altar of Gozag.
  2391 | D:4      | Reached *** piety under Trog
  2426 | D:4      | Found Vejor's Tiny Tomes.
  2472 | D:4      | Reached skill level 5 in Maces & Flails
  2582 | D:4      | Noticed Natasha
  2587 | D:4      | Killed Natasha
  2588 | D:4      | Reached XP level 7. HP: 25/44 MP: 7/7
  2694 | D:4      | Found a white marble altar of Elyvilon.
  2797 | D:4      | Reached skill level 5 in Armour
  3113 | D:4      | Noticed Natasha
  3132 | D:4      | Killed Natasha
  3407 | D:5      | Entered Level 5 of the Dungeon
  3444 | D:5      | Found a blossoming altar of Fedhas.
  3676 | D:5      | Found a glowing silver altar of Zin.
  3676 | D:5      | Noticed an angel
  4151 | D:5      | Found a glowing golden altar of the Shining One.
  4244 | D:5      | Reached skill level 5 in Fighting
  4244 | D:5      | Reached XP level 8. HP: 36/49 MP: 8/8
  4856 | D:6      | Found Forhorche's Armour Emporium.
  4916 | D:6      | Noticed Eustachio
  4967 | D:6      | HP: 2/49 [river rat[Eustachio] (6)]
  4996 | D:6      | HP: 1/49 [ufetubus[Eustachio] (2)]
  4997 | D:6      | Slain by an ufetubus

Illustrated notes

Levels and vault maps discovered:
D:1:      lightli_arrival_farm, layout_basic, serial_bayou_crossing
D:2:      layout_basic, serial_shops, nicolae_square_shop, minmay_tetromino_l2,
          uniq_robin, uniq_sigmund
D:3:      layout_rooms, nicolae_gozag_seed_capital, minivault_27
D:4:      layout_basic, mainiacjoe_overflow_alcove_4,
          nicolae_shop_i_like_small_books_too, uniq_natasha
D:5:      layout_basic, fedhas_altar_3,
          mainiacjoe_overflow_concentric_impassable, zin_angel,
          serial_park_tiny_1
D:6:      layout_loops_cross, trog_antimagical, mainiacjoe_overflow_boulevard,
          serial_shops, nicolae_shop_just_a_little_nook, roderic_batcave,
          lightli_minifort, uniq_eustachio, uniq_prince_ribbit1

Skill      XL: |  1  2  3  4  5  6  7  8 |
---------------+-------------------------+-----
Armour         | 4 5 6 |  6.2
Fighting       | 4 5 |  5.2
Maces & Flails | 4 5 6 |  6.1
Dodging        | 2 3 |  3.3

Action                     |  1- 3 |  4- 6 |  7- 9 || total
---------------------------+-------+-------+-------++-------
  Melee: Mace              |   114 |   197 |   286 ||   597
         Punch             |       |     2 |     4 ||     6
 Invoke: Berserk           |       |       |     3 ||     3
    Use: Scroll            |       |       |     6 ||     6
 Armour: Animal skin       |    37 |    25 |       ||    62
         Leather armour    |       |    65 |   213 ||   278
  Dodge: Dodged            |    74 |   126 |   231 ||   431
